Map: [ESL] Royal Blood

Players

DnS

  • Race: Protoss Protoss
  • Spawn Location: 7:00

PtitDrogo - Winner!

  • Race: Protoss Protoss
  • Spawn Location: 1:00

Event: ESL SC2 Masters 2023 Summer (Regionals)

VOD

Have the link to the VOD?

Description

Time

  • Played on: May 13, 2023, 10:44 a.m.
  • Length: 15:10

All games in this series

Show
View Real Time Build Order
Export as new Build Order

DnS Protoss 

Build Orders:  

Get SALT Encoding   

  12  0:00  Probe  
  13  0:12  Probe  
  14  0:17  Pylon  
  14  0:24  Probe (Chrono Boost)  
  15  0:36  Probe (Chrono Boost), Gateway  
  16  0:43  Probe (Chrono Boost)  
  16  0:46  Assimilator  
  17  0:50  Probe  
  17  0:54  Assimilator  
  18  1:03  Probe (Chrono Boost)  
  19  1:06  Gateway  
  20  1:12  Probe (Chrono Boost)  
  20  1:17  Probe (Chrono Boost)  
  20  1:24  Cybernetics Core  
  21  1:29  Probe  
  22  1:35  Pylon  
  22  1:41  Probe  
  24  2:00  Robotics Facility  
  24  2:01  Stalker  
  25  2:06  Stalker  
  27  2:09  Warp Gate  
  27  2:18  Pylon  
  27  2:31  Stalker  
  27  2:36  Stalker  
  31  2:46  Immortal (Chrono Boost)  
  34  3:02  Sentry  
  34  3:04  Shield Battery  
  36  3:12  Shield Battery  
  36  3:24  Warp Prism (Chrono Boost)  
  38  3:40  Pylon  
  36  3:54  Observer (Chrono Boost)  
  37  3:57  Stalker  
  37  3:58  Stalker  
  37  3:59  Probe  
  41  4:15  Immortal  
  45  4:22  Pylon  
  45  4:29  Sentry  
  47  4:43  Sentry  
  47  4:45  Probe  
  50  4:46  Pylon  
  50  4:51  Twilight Council  
  50  4:59  Stalker  
  52  5:19  Stalker  
  52  5:25  Stalker  
  54  5:44  Probe  
  54  5:47  Stalker  
  54  5:49  Pylon  
  57  5:52  Blink (Chrono Boost)  
  57  6:05  Probe  
  58  6:24  Probe  
  59  6:26  Stalker  
  59  6:27  Pylon  
  59  6:28  Nexus  
  59  6:29  Stalker  
  62  6:35  Shield Battery  
  62  6:41  Pylon  
  62  6:44  Probe  
  63  6:55  Stalker  
  63  6:56  Probe (Chrono Boost)  
  63  6:59  Sentry  
  69  7:08  Probe (Chrono Boost)  
  69  7:15  Probe (Chrono Boost), Pylon  
  70  7:23  Probe  
  70  7:28  Stalker  
  73  7:33  Robotics Facility  
  73  7:35  Probe  
  74  7:40  Stalker  
  76  7:45  Probe  
  77  7:51  Probe  
  77  7:57  Stalker  
  80  8:04  Stalker  
  78  8:09  Probe  
  78  8:10  Probe  
  72  8:22  Probe (Chrono Boost)  
  57  8:33  Probe (Chrono Boost)  
  57  8:34  Stalker x2  
  56  8:38  Gateway x2  
  57  8:41  Probe (Chrono Boost)  
  57  8:43  Probe (Chrono Boost), Immortal (Chrono Boost)  
  57  8:48  Probe  
  61  8:52  Probe  
  60  8:57  Stalker x2  
  64  9:04  Forge  
  64  9:05  Assimilator  
  64  9:15  Observer  
  65  9:23  Nexus  
  65  9:25  Sentry  
  65  9:30  Probe, Stalker  
  71  9:31  Probe  
  69  9:42  Probe  
  69  9:45  Stalker x2  
  71  9:50  Probe  
  69  9:55  Probe (Chrono Boost)  
  69  10:02  Probe (Chrono Boost)  
  71  10:07  Probe (Chrono Boost), Protoss Ground Weapons Level 1 (Chrono Boost)  
  71  10:08  Charge  
  71  10:14  Probe (Chrono Boost), Pylon  
  72  10:15  Probe (Chrono Boost)  
  72  10:18  Probe (Chrono Boost)  
  72  10:21  Probe  
  75  10:29  Probe  
  75  10:30  Stalker x2  
  75  10:33  Probe  
  79  10:41  Probe  
  76  10:45  Probe x2  
  76  10:47  Stalker x2  
  79  10:53  Probe (Chrono Boost)  
  78  10:57  Probe (Chrono Boost)  
  78  10:58  Probe (Chrono Boost)  
  80  11:05  Probe (Chrono Boost)  
  80  11:06  Shield Battery  
  80  11:09  Probe x2 (Chrono Boost)  
  83  11:12  Probe (Chrono Boost)  
  83  11:14  Probe x2 (Chrono Boost)  
  83  11:17  Observer  
  87  11:21  Probe  
  87  11:23  Probe  
  87  11:24  Probe  
  90  11:28  Gateway  
  90  11:29  Gateway  
  90  11:30  Observer  
  88  11:33  Probe  
  88  11:35  Probe, Templar Archives  
  88  11:36  Zealot  
  88  11:37  Zealot  
  94  11:43  Probe  
  94  11:45  Probe  
  96  11:51  Gateway  
  96  11:52  Gateway  
  96  11:54  Probe  
  96  11:55  Probe  
  96  11:56  Assimilator x2  
  98  12:02  Protoss Ground Weapons Level 2 (Chrono Boost)  
  98  12:04  Zealot x4  
  106  12:08  Pylon  
  106  12:13  Observer  
  106  12:14  Assimilator  
  106  12:15  Probe  
  105  12:16  Probe  
  104  12:23  Observer  
  105  12:30  Probe x3  
  108  12:42  High Templar x4  
  108  12:43  Zealot x2  
  120  12:48  Archon x2  
  120  12:49  Zealot x2  
  121  12:55  Photon Cannon  
  114  13:10  High Templar x2, Zealot x2  
  115  13:14  Zealot, Archon  
  115  13:15  Zealot x2  
  115  13:17  Observer  
  119  13:20  Zealot  
  119  13:22  Probe x2  
  122  13:30  High Templar  
  122  13:31  High Templar  
  122  13:32  Photon Cannon  
  126  13:34  Probe  
  126  13:35  Archon  
  126  13:36  Zealot x2  
  131  13:45  Zealot  
  133  14:03  Observer  
  133  14:04  Assimilator  
  133  14:08  Pylon  
  133  14:10  Pylon  
  133  14:11  Pylon x2  
  133  14:12  Pylon  
  133  14:14  Pylon  
  133  14:28  Probe x3  
  133  14:29  Immortal (Chrono Boost)  
  133  14:30  High Templar x4  
  133  14:31  Zealot x2  
  148  14:34  Archon x2  
  152  14:39  Zealot x2  
  152  14:40  Probe  
  152  14:44  Pylon  
  111  14:57  Zealot x2  
  96  15:00  Zealot  
  96  15:01  Zealot  
  96  15:04  Zealot x2  
  96  15:05  Zealot  
Show
View Real Time Build Order
Export as new Build Order

PtitDrogo Protoss - Winner!

Build Orders: Oracle Opening 

Get SALT Encoding   

  12  0:00  Probe  
  13  0:12  Probe  
  14  0:17  Pylon  
  14  0:24  Probe (Chrono Boost)  
  15  0:36  Probe (Chrono Boost)  
  15  0:37  Gateway  
  16  0:45  Probe (Chrono Boost)  
  16  0:46  Assimilator  
  17  0:51  Probe  
  17  0:54  Assimilator  
  18  1:03  Probe (Chrono Boost)  
  19  1:07  Gateway  
  20  1:12  Probe (Chrono Boost)  
  20  1:17  Probe (Chrono Boost)  
  20  1:24  Cybernetics Core  
  21  1:29  Probe  
  22  1:35  Pylon  
  22  1:41  Probe  
  23  1:53  Probe  
  24  2:01  Adept, Warp Gate, Stalker  
  28  2:06  Pylon  
  28  2:13  Probe  
  29  2:19  Stargate  
  29  2:26  Shield Battery  
  29  2:28  Probe  
  30  2:38  Stalker x2  
  34  2:56  Probe  
  35  2:59  Oracle (Chrono Boost)  
  38  3:08  Probe  
  38  3:11  Pylon  
  39  3:12  Shield Battery  
  39  3:21  Robotics Facility  
  39  3:29  Probe  
  40  3:47  Probe  
  41  3:49  Adept x2  
  41  3:53  Pylon  
  45  4:11  Oracle  
  45  4:14  Probe  
  45  4:15  Immortal (Chrono Boost)  
  53  4:32  Gateway x2  
  53  4:33  Pylon  
  53  4:51  Immortal (Chrono Boost)  
  57  4:58  Adept  
  59  5:00  Pylon  
  59  5:26  Sentry  
  59  5:27  Warp Prism (Chrono Boost), Sentry  
  65  5:35  Pylon  
  58  5:44  Probe  
  59  5:50  Phoenix  
  59  5:56  Observer  
  61  6:10  Zealot  
  61  6:11  Zealot  
  61  6:22  Immortal (Chrono Boost)  
  65  6:32  Nexus  
  65  6:33  Probe  
  66  6:46  Probe  
  67  6:57  Immortal (Chrono Boost)  
  67  6:58  Probe, Forge  
  72  7:06  Pylon  
  72  7:10  Probe  
  73  7:22  Probe  
  74  7:33  Immortal  
  74  7:34  Probe (Chrono Boost)  
  74  7:35  Protoss Ground Weapons Level 1  
  79  7:41  Sentry  
  82  7:44  Sentry  
  82  7:45  Probe (Chrono Boost)  
  82  7:49  Probe (Chrono Boost)  
  81  8:13  Sentry  
  69  8:21  Stalker  
  65  8:34  Observer  
  63  8:43  Immortal (Chrono Boost)  
  63  8:44  Probe x2  
  63  8:45  Nexus  
  67  8:51  Stalker x2  
  67  8:54  Gateway  
  71  9:03  Probe  
  71  9:06  Assimilator x2  
  71  9:07  Pylon  
  72  9:14  Immortal (Chrono Boost)  
  76  9:22  Adept  
  76  9:23  Adept  
  80  9:26  Probe  
  80  9:29  Probe  
  83  9:45  Probe  
  83  9:49  Immortal (Chrono Boost)  
  83  9:52  Protoss Ground Armor Level 1 (Chrono Boost)  
  87  9:57  Twilight Council  
  83  10:01  Probe  
  83  10:05  Probe  
  83  10:06  Probe  
  86  10:13  Probe  
  87  10:15  Adept  
  87  10:16  Gateway  
  87  10:17  Adept  
  87  10:18  Probe  
  92  10:29  Probe  
  93  10:53  Probe  
  93  10:56  Immortal (Chrono Boost)  
  89  11:00  Probe x2  
  89  11:02  Pylon  
  93  11:05  Probe  
  93  11:06  Charge (Chrono Boost), Gateway  
  93  11:09  Gateway x2  
  93  11:10  Templar Archives  
  94  11:12  Dark Shrine, Probe x2  
  97  11:18  Probe  
  97  11:20  Shield Battery, Assimilator  
  97  11:21  Assimilator  
  101  11:33  Probe, Observer  
  101  11:36  Protoss Ground Weapons Level 2 (Chrono Boost)  
  98  11:40  Gateway x2  
  98  11:42  Gateway  
  98  11:45  Gateway  
  98  11:50  Photon Cannon  
  98  11:51  Observer, Photon Cannon  
  98  11:52  Probe  
  100  11:58  Adept x2  
  100  11:59  Probe  
  105  12:02  Probe  
  106  12:20  Zealot x6  
  114  12:25  Pylon  
  114  12:28  Dark Templar  
  116  12:36  Dark Templar  
  118  12:38  High Templar x2  
  122  12:44  Archon  
  122  12:45  High Templar x4, Zealot x2  
  122  12:46  Zealot  
  136  12:52  Pylon, Archon x2  
  136  13:00  Pylon  
  134  13:07  Zealot x4  
  138  13:12  Zealot x2  
  138  13:13  Zealot  
  140  13:23  High Templar x2  
  140  13:27  Archon  
  140  13:29  High Templar x4  
  140  13:30  Zealot x2  
  152  13:35  Archon  
  152  13:36  Archon  
  152  13:37  Pylon  
  152  13:43  Pylon, Zealot x3  
  153  14:04  High Templar x2, Zealot x6  
  153  14:05  Zealot  
  153  14:08  Archon  
  171  14:16  Pylon  
  171  14:18  Pylon  
  171  14:22  Nexus  
  171  14:24  Pylon  
  171  14:35  High Templar x2  
  171  14:36  Zealot x4  
  183  14:39  High Templar x2  
  183  14:40  Archon  
  183  14:44  Archon  
  151  14:53  Zealot  
  151  14:54  Zealot x2  
  151  14:55  Observer (Chrono Boost)  
  133  15:07  Zealot x6  
Tags
 
Add a new tag
Caveats
  • Supply blocks, unpowered buildings, or Contaminate may cause inaccurate times.
  • Supply counts are checked every 10 seconds.